EVO
OKLAHOMA STATE UNIVERSITY COWBOYS @ WICHITA STATE UNIVERSITY SHOCKERS
11/19/2048
 
TOP OF THE 1ST
University of Illinois Fighting Illini batting - Pitching for Pennsylvania State University Nittany Lions : RHP Quincy Potvin
Pitching: RHP Quincy Potvin
Batting: LHB Antonio Sandoval 0-0: Ball
1-0: Foul Ball, location: 2F
1-1: Ball
2-1: Ball
3-1: Ground out 4-3 (Groundball, 4MD, EV 101.9 MPH)
Batting: RHB Hugo Priego 0-0: Ball
1-0: Foul Ball, location: 2F
1-1: Foul Ball, location: 2F
1-2: Ball
2-2: Ground out 1-3 (Groundball, 15S, EV 65.0 MPH)
Batting: LHB Bill Kovac 0-0: Foul Ball, location: 2F
0-1: Fly out, F8 (Line Drive, 8LM, EV 108.8 MPH)
Top of the 1st over - 0 runs, 0 hits, 0 errors, 0 left on base; University of Illinois 0 - Pennsylvania State University 0
BOTTOM OF THE 1ST
Pennsylvania State University Nittany Lions batting - Pitching for University of Illinois Fighting Illini : RHP Shitoshi Sai
Pitching: RHP Shitoshi Sai
Batting: RHB John Hopkins 0-0: Foul Ball, location: 2F
0-1: Called Strike
0-2: Ball
1-2: Strikes out looking
Batting: RHB Craig Alvarado 0-0: Fly out, F7 (Flyball, 7, EV 88.8 MPH)
Batting: RHB Kaoru Hamada 0-0: Ball
1-0: Ball
2-0: Foul Ball, location: 2F
2-1: Foul Ball, location: 2F
2-2: Strikes out swinging
Bottom of the 1st over - 0 runs, 0 hits, 0 errors, 0 left on base; University of Illinois 0 - Pennsylvania State University 0
TOP OF THE 2ND
University of Illinois Fighting Illini batting - Pitching for Pennsylvania State University Nittany Lions : RHP Quincy Potvin
Batting: LHB Fumito Sakurai 0-0: Fly out, F8 (Flyball, 8LD, EV 100.0 MPH)
Batting: LHB Alex Rivera 0-0: Foul Ball, location: 2F
0-1: Ball
1-1: Foul Ball, location: 2F
1-2: Ball
2-2: Foul Ball, location: 2F
2-2: Fly out, F8 (Flyball, 8LXD, EV 93.8 MPH)
Batting: RHB Cody Leonard 0-0: Ball
1-0: Called Strike
1-1: Ball
2-1: Called Strike
2-2: Ball
3-2: Base on Balls
Batting: LHB Javy Rueda 0-0: Ball
1-0: Called Strike
1-1: Ball
2-1: Ball
3-1: Base on Balls
Cody Leonard to second
Batting: RHB Fernando Acosta 0-0: Ball
1-0: Called Strike
1-1: Swinging Strike
1-2: Strikes out swinging
Top of the 2nd over - 0 runs, 0 hits, 0 errors, 2 left on base; University of Illinois 0 - Pennsylvania State University 0
BOTTOM OF THE 2ND
Pennsylvania State University Nittany Lions batting - Pitching for University of Illinois Fighting Illini : RHP Shitoshi Sai
Batting: SHB Glenn Harrison 0-0: Foul Ball, location: 2F
0-1: Swinging Strike
0-2: Ball
1-2: Strikes out swinging
Batting: RHB Mike Smith 0-0: Swinging Strike
0-1: Ball
1-1: Foul Ball, location: 2F
1-2: Strikes out swinging
Batting: SHB Oscar Barahona 0-0: Foul Ball, location: 2F
0-1: Foul Ball, location: 2F
0-2: Ball
1-2: Ball
2-2: Strikes out swinging
Bottom of the 2nd over - 0 runs, 0 hits, 0 errors, 0 left on base; University of Illinois 0 - Pennsylvania State University 0
TOP OF THE 3RD
University of Illinois Fighting Illini batting - Pitching for Pennsylvania State University Nittany Lions : RHP Quincy Potvin
Batting: LHB Clint Hanninen 0-0: Ball
1-0: Foul Ball, location: 2F
1-1: Ground out 4-3 (Groundball, 4, EV 106.2 MPH)
Batting: LHB Antonio Sandoval 0-0: Called Strike
0-1: Ball
1-1: Foul Ball, location: 2F
1-2: Ground out 2-3 (Groundball, 15S, EV 71.2 MPH)
Batting: RHB Hugo Priego 0-0: Called Strike
0-1: Ball
1-1: Swinging Strike
1-2: Fly out, F6 (Flyball, 6MD, EV 83.8 MPH)
Top of the 3rd over - 0 runs, 0 hits, 0 errors, 0 left on base; University of Illinois 0 - Pennsylvania State University 0
BOTTOM OF THE 3RD
Pennsylvania State University Nittany Lions batting - Pitching for University of Illinois Fighting Illini : RHP Shitoshi Sai
Batting: RHB Fernando Membreno 0-0: Ground out 6-3 (Groundball, 6, EV 92.5 MPH)
Batting: LHB Josh Lane 0-0: Foul Ball, location: 2F
0-1: Fly out, F7 (Flyball, 78S, EV 80.6 MPH)
Batting: RHB Klaus Brown 0-0: Swinging Strike
0-1: Ball
1-1: Swinging Strike
1-2: Ball
2-2: Foul Ball, location: 2F
2-2: Strikes out looking
Bottom of the 3rd over - 0 runs, 0 hits, 0 errors, 0 left on base; University of Illinois 0 - Pennsylvania State University 0
TOP OF THE 4TH
University of Illinois Fighting Illini batting - Pitching for Pennsylvania State University Nittany Lions : RHP Quincy Potvin
Batting: LHB Bill Kovac 0-0: Foul Ball, location: 2F
0-1: Ball
1-1: Ball
2-1: Called Strike
2-2: Strikes out swinging
Batting: LHB Fumito Sakurai 0-0: Ball
1-0: Ball
2-0: Called Strike
2-1: Foul Ball, location: 2F
2-2: Ball
3-2: Ground out 6-3 (Groundball, 6, EV 88.8 MPH)
Batting: LHB Alex Rivera 0-0: Foul Ball, location: 2F
0-1: Foul Ball, location: 2F
0-2: Foul Ball, location: 2F
0-2: Ball
1-2: Ball
2-2: Foul Ball, location: 2F
2-2: Fly out, F4 (Popup, 3S, EV 85.0 MPH)
Top of the 4th over - 0 runs, 0 hits, 0 errors, 0 left on base; University of Illinois 0 - Pennsylvania State University 0
BOTTOM OF THE 4TH
Pennsylvania State University Nittany Lions batting - Pitching for University of Illinois Fighting Illini : RHP Shitoshi Sai
Batting: RHB John Hopkins 0-0: Swinging Strike
0-1: Foul Ball, location: 2F
0-2: Ball
1-2: Hit by Pitch
Batting: RHB Craig Alvarado 0-0: Ball
1-0: Called Strike
1-1: Ball
2-1: Foul Ball, location: 2F
2-2: Foul Ball, location: 2F
2-2: Ball
3-2: Fly out, F8 (Flyball, 8LM, EV 94.4 MPH)
Batting: RHB Kaoru Hamada 0-0: Ball
1-0: Foul Ball, location: 2F
1-1: SINGLE (Groundball, 34D, EV 103.1 MPH)
John Hopkins to second
Runner from 2nd tries for 3rd, SAFE, no throw by RF
Batting: SHB Glenn Harrison 0-0: Ball
1-0: Ball
Wild Pitch!
John Hopkins scores
Kaoru Hamada to second
2-0: Ball
3-0: Called Strike
3-1: Fly out, F2 (Popup, 23F, EV 69.4 MPH)
Batting: RHB Mike Smith 0-0: Called Strike
0-1: Ball
1-1: Foul Ball, location: 2F
1-2: Foul Ball, location: 2F
1-2: Strikes out swinging
Bottom of the 4th over - 1 run, 1 hit, 0 errors, 1 left on base; University of Illinois 0 - Pennsylvania State University 1
TOP OF THE 5TH
University of Illinois Fighting Illini batting - Pitching for Pennsylvania State University Nittany Lions : RHP Quincy Potvin
Batting: RHB Cody Leonard 0-0: Ball
1-0: Ball
2-0: Foul Ball, location: 2F
2-1: Ball
3-1: Called Strike
3-2: Strikes out swinging
Batting: LHB Javy Rueda 0-0: Ball
1-0: DOUBLE (Line Drive, 78XD, EV 101.2 MPH)
Batting: RHB Fernando Acosta 0-0: Ball
1-0: Ball
2-0: Ball
3-0: Base on Balls
Batting: LHB Clint Hanninen 0-0: Ball
1-0: Swinging Strike
1-1: Ball
2-1: Fielders Choice at 2nd, 4-6 (Groundball, 4, EV 86.2 MPH)
Javy Rueda to third
Batting: LHB Antonio Sandoval 0-0: Ball
1-0: SINGLE (Groundball, 4MD, EV 95.0 MPH)
Javy Rueda scores
Clint Hanninen to second
Pitching: RHP Dave Boudreaux
Batting: RHB Hugo Priego 0-0: Ball
1-0: Foul Ball, location: 2F
1-1: 3-RUN HOME RUN (Flyball, 7D, EV 100.0 MPH), Distance : 391 ft
Batting: LHB Bill Kovac 0-0: Called Strike
0-1: Called Strike
0-2: Fly out, F8 (Flyball, 78M, EV 91.2 MPH)
Top of the 5th over - 4 runs, 3 hits, 0 errors, 0 left on base; University of Illinois 4 - Pennsylvania State University 1
BOTTOM OF THE 5TH
Pennsylvania State University Nittany Lions batting - Pitching for University of Illinois Fighting Illini : RHP Shitoshi Sai
Batting: SHB Oscar Barahona 0-0: Called Strike
0-1: Foul Ball, location: 2F
0-2: Ball
1-2: Ball
2-2: Foul Ball, location: 2F
2-2: Ball
3-2: Single, Error in OF, E8, batter to second base (Groundball, 6D, EV 99.4 MPH)
Batting: RHB Fernando Membreno 0-0: Ball
1-0: Foul Ball, location: 2F
1-1: Ball
2-1: Ball
3-1: Base on Balls
Batting: LHB Josh Lane 0-0: Called Strike
0-1: Grounds into double play, 6-4-3 (Groundball, 6, EV 87.5 MPH)
Oscar Barahona to third
Batting: RHB Klaus Brown 0-0: Ball
1-0: Called Strike
1-1: Swinging Strike
1-2: Strikes out looking
Bottom of the 5th over - 0 runs, 1 hit, 1 error, 1 left on base; University of Illinois 4 - Pennsylvania State University 1
TOP OF THE 6TH
University of Illinois Fighting Illini batting - Pitching for Pennsylvania State University Nittany Lions : RHP Dave Boudreaux
Batting: LHB Fumito Sakurai 0-0: Foul Ball, location: 2F
0-1: Ball
1-1: Ball
2-1: SOLO HOME RUN (Flyball, 78XD, EV 109.4 MPH), Distance : 434 ft
Batting: LHB Alex Rivera 0-0: Ball
1-0: Ball
2-0: Ball
3-0: Base on Balls
Batting: RHB Cody Leonard 0-0: Fly out, F7 (Flyball, 7D, EV 77.5 MPH)
Batting: LHB Javy Rueda 0-0: DOUBLE (Line Drive, 89D, EV 104.4 MPH)
Alex Rivera to third
Batting: RHB Fernando Acosta 0-0: Ball
1-0: Swinging Strike
1-1: Swinging Strike
1-2: Ball
2-2: Strikes out swinging
Pitching: RHP Carmem Bonnet
Batting: LHB Clint Hanninen 0-0: Ball
1-0: Swinging Strike
1-1: Foul Ball, location: 2F
1-2: Strikes out swinging
Top of the 6th over - 1 run, 2 hits, 0 errors, 2 left on base; University of Illinois 5 - Pennsylvania State University 1
BOTTOM OF THE 6TH
Pennsylvania State University Nittany Lions batting - Pitching for University of Illinois Fighting Illini : RHP Shitoshi Sai
Batting: RHB John Hopkins 0-0: Ball
1-0: Swinging Strike
1-1: Called Strike
1-2: Ball
2-2: Foul Ball, location: 2F
2-2: Ball
3-2: Ground out 5-3 (Groundball, 5L, EV 85.6 MPH)
Pitching: LHP Jim Roney
Batting: RHB Craig Alvarado 0-0: Ball
1-0: Called Strike
1-1: Ball
2-1: Called Strike
2-2: Ball
3-2: Foul Ball, location: 2F
3-2: Base on Balls
Batting: RHB Kaoru Hamada 0-0: Foul Ball, location: 2F
0-1: Ball
1-1: Foul Ball, location: 2F
1-2: Ball
2-2: Foul Ball, location: 2F
2-2: Fly out, F9 (Flyball, 9, EV 86.2 MPH)
Batting: SHB Glenn Harrison 0-0: Ball
1-0: Ball
2-0: Ball
3-0: Base on Balls
Craig Alvarado to second
Batting: RHB Mike Smith 0-0: Called Strike
0-1: Swinging Strike
0-2: Strikes out swinging
Bottom of the 6th over - 0 runs, 0 hits, 0 errors, 2 left on base; University of Illinois 5 - Pennsylvania State University 1
TOP OF THE 7TH
University of Illinois Fighting Illini batting - Pitching for Pennsylvania State University Nittany Lions : RHP Carmem Bonnet
Batting: LHB Antonio Sandoval 0-0: Called Strike
0-1: Ground out 1-3 (Groundball, 13S, EV 68.1 MPH)
Batting: RHB Hugo Priego 0-0: Swinging Strike
0-1: Ball
1-1: Swinging Strike
1-2: Foul Ball, location: 2F
1-2: Ball
2-2: Fly out, F8 (Line Drive, 8RM, EV 101.2 MPH)
Batting: LHB Bill Kovac 0-0: Swinging Strike
0-1: Swinging Strike
0-2: Ball
1-2: Ball
2-2: Foul Ball, location: 2F
2-2: Strikes out looking
Top of the 7th over - 0 runs, 0 hits, 0 errors, 0 left on base; University of Illinois 5 - Pennsylvania State University 1
BOTTOM OF THE 7TH
Pennsylvania State University Nittany Lions batting - Pitching for University of Illinois Fighting Illini : LHP Jim Roney
Now at 1B: Clint Hanninen
Now at 2B: Oscar Ramirez
Now in LF: Cody Leonard
Now in CF: Ernesto Mazas
Batting: SHB Oscar Barahona 0-0: Ball
1-0: Ball
2-0: Ball
3-0: Base on Balls
Batting: RHB Fernando Membreno 0-0: Foul Ball, location: 2F
0-1: Foul Ball, location: 2F
0-2: Strikes out swinging
Batting: LHB Josh Lane 0-0: Grounds into double play, 5-4-3 (Groundball, 56, EV 103.1 MPH)
Bottom of the 7th over - 0 runs, 0 hits, 0 errors, 0 left on base; University of Illinois 5 - Pennsylvania State University 1
TOP OF THE 8TH
University of Illinois Fighting Illini batting - Pitching for Pennsylvania State University Nittany Lions : RHP Carmem Bonnet
Pitching: RHP Mike Watkins
Batting: LHB Fumito Sakurai 0-0: Called Strike
0-1: Swinging Strike
0-2: Strikes out swinging
Batting: LHB Alex Rivera 0-0: Ball
1-0: Foul Ball, location: 2F
1-1: Ball
2-1: SINGLE (Groundball, 5D, EV 96.2 MPH)
Batting: RHB Cody Leonard 0-0: Called Strike
0-1: Called Strike
0-2: Strikes out swinging
Batting: RHB Oscar Ramirez 0-0: Called Strike
0-1: Called Strike
0-2: Foul Ball, location: 2F
0-2: Fielders Choice at 2nd, U4 (Groundball, 4M, EV 105.0 MPH)
Top of the 8th over - 0 runs, 1 hit, 0 errors, 1 left on base; University of Illinois 5 - Pennsylvania State University 1
BOTTOM OF THE 8TH
Pennsylvania State University Nittany Lions batting - Pitching for University of Illinois Fighting Illini : LHP Jim Roney
Pitching: RHP Vicente Gonzalez
Batting: RHB Klaus Brown 0-0: Called Strike
0-1: Called Strike
0-2: Foul Ball, location: 2F
0-2: Strikes out swinging
Batting: RHB Roberto Medina 0-0: Called Strike
0-1: Called Strike
0-2: Ball
1-2: Ground out 4-3 (Groundball, 4, EV 84.4 MPH)
Batting: RHB Craig Alvarado 0-0: Ball
1-0: Ball
2-0: Swinging Strike
2-1: Ground out 4-3 (Groundball, 34, EV 111.2 MPH)
Bottom of the 8th over - 0 runs, 0 hits, 0 errors, 0 left on base; University of Illinois 5 - Pennsylvania State University 1
TOP OF THE 9TH
University of Illinois Fighting Illini batting - Pitching for Pennsylvania State University Nittany Lions : RHP Mike Watkins
Batting: RHB Fernando Acosta 0-0: Ball
1-0: Ball
2-0: Ball
3-0: Called Strike
3-1: Fly out, F9 (Line Drive, 9S, EV 105.0 MPH)
Batting: LHB Clint Hanninen 0-0: Ball
1-0: SINGLE (Groundball, 6MD, EV 98.1 MPH)
Batting: LHB Antonio Sandoval 0-0: Ball
1-0: DOUBLE (Line Drive, 78D, EV 108.8 MPH)
Clint Hanninen to third
Batting: RHB Hugo Priego 0-0: Called Strike
0-1: Foul Ball, location: 2F
0-2: Ball
1-2: Fly out, F7 (Flyball, 78D, EV 96.9 MPH)
Batting: SHB Ernesto Mazas 0-0: Ground out 4-3 (Groundball, 4, EV 86.9 MPH)
Top of the 9th over - 0 runs, 2 hits, 0 errors, 2 left on base; University of Illinois 5 - Pennsylvania State University 1
BOTTOM OF THE 9TH
Pennsylvania State University Nittany Lions batting - Pitching for University of Illinois Fighting Illini : RHP Vicente Gonzalez
Pitching: RHP Luis Stuit
Pinch Hitting: RHB Jesse Sargent 0-0: Ground out U3 (Groundball, 3, EV 78.8 MPH)
Pinch Hitting: RHB Isaiah Heath 0-0: Called Strike
0-1: Foul Ball, location: 2F
0-2: Foul Ball, location: 2F
0-2: Ball
1-2: Strikes out swinging
Pinch Hitting: RHB Jesus Resendez 0-0: SINGLE (Groundball, 56D, EV 107.5 MPH)
Batting: SHB Oscar Barahona 0-0: Ball
1-0: Called Strike
1-1: Ball
2-1: Fly out, F9 (Flyball, 89S, EV 86.9 MPH)
Bottom of the 9th over - 0 runs, 1 hit, 0 errors, 1 left on base; University of Illinois 5 - Pennsylvania State University 1
Tuesday, March 28th , 2023 - OOTP Baseball 23.10 Build 110